 Dungeon Crawl Stone Soup version 0.30.0-16-gbe6223bb7e (webtiles) character file.

Game seed: 886909275739788877

789 Demosthentine the Poker (level 7, -3/55 HPs)
             Began as a Demonspawn Gladiator on May 21, 2023.
             Killed by divine providence
             ... invoked by an orc priest
              (14 damage)
             ... on level 5 of the Dungeon.
             The game lasted 00:04:51 (4845 turns).

Demosthentine the Poker (Demonspawn Gladiator)      Turns: 4845, Time: 00:04:52

Health: -3/55      AC: 12    Str: 17    XL:     7   Next: 56%
Magic:  7/7        EV: 14    Int:  9    God:
Gold:   22         SH:  0    Dex: 20    Spells: 6/6 levels left

rFire   . . .        a - +1 trident
rCold   + . .        (no shield)
rNeg    . . .        t - +3 leather armour
rPois   .            (helmet restricted)
rElec   .            (no cloak)
rCorr   .            (no gloves)
SInv    .            (no boots)
Will    .....        (no amulet)
Stlth   +            l - +6 ring of dexterity
HPRegen 0.29/turn    j - ring of protection from cold
MPRegen 0.10/turn

%: no passive effects
@: sanguine armoured
A: antennae 1, powered by pain 1, spiny 1, sanguine armour 1
a: no special abilities


You were on level 5 of the Dungeon.
You visited 1 branch of the dungeon, and saw 5 of its levels.

You collected 256 gold pieces.
You spent 234 gold pieces at shops.

Inventory:

Hand Weapons
 a - a +1 trident (weapon)
Missiles
 c - 6 poisoned darts
 d - a throwing net (quivered)
 e - 5 javelins
Armour
 t - a +3 leather armour (worn)
Jewellery
 j - a ring of protection from cold (right hand)
 l - a +6 ring of dexterity (left hand)
Wands
 f - a wand of flame (3)
 q - a wand of paralysis (8)
 s - a wand of mindburst (10)
Scrolls
 g - 3 scrolls of vulnerability
 k - a scroll of magic mapping
 o - 3 scrolls of poison
 u - a scroll of fog {unknown}
Potions
 b - a potion of haste
 h - a potion of magic {unknown}
 i - a potion of curing
 m - a potion of mutation {unknown}
 n - a potion of flight {unknown}
 p - a potion of might
 r - a potion of lignification {unknown}


   Skills:
 + Level 4.6 Fighting
 + Level 4.7 Polearms
 - Level 1.7 Throwing
 + Level 3.6 Armour
 + Level 4.7 Dodging


You had 6 spell levels left.
You didn't know any spells.
Your spell library contained the following spells:

 Spells                   Type           Power      Damage    Failure   Level
 Apportation              Tloc           0%         N/A       43%         1
 Necrotise                Necr           0%         1d4       43%         1
 Summon Small Mammal      Summ           0%         N/A       43%         1
 Ensorcelled Hibernation  Hex/Ice        0%         N/A       58%         2
 Spider Form              Tmut/Pois      0%         N/A       82%         3
 Anguish                  Hex/Necr       0%         N/A       99%         4


Dungeon Overview and Level Annotations

Branches:
Dungeon (5/15)
 Temple: D:4-7

Altars:

Shops:
D:1 !


Innate Abilities, Weirdness & Mutations

You have a pair of small antennae on your head.
You sometimes gain a little power by taking damage.
You are partially covered in sharp spines.
When seriously injured, your blood forms armour. (AC +6)


Message History

The orc priest is struck by your spines.
The orc priest closely misses you.
You hit the orc priest but do no damage.
The orc priest is severely wounded.
The orc priest hits you with a +0 trident.
You hit the orc priest but do no damage.
The orc priest is severely wounded.
The orc priest begins to cast a cantrip, but forgets the words!
You barely miss the orc priest.
The orc priest is severely wounded.
The orc priest invokes the aid of Beogh against you.
Beogh smites you!
* * * LOW HITPOINT WARNING * * *
You completely miss the orc priest.
The orc priest is severely wounded.
The orc priest hits you with a +0 trident.
* * * LOW HITPOINT WARNING * * *
You barely miss the orc priest.
The orc priest is severely wounded.
The orc priest barely misses you.
You hit the orc priest but do no damage.
The orc priest is severely wounded.
The orc priest begins to cast a cantrip, but forgets the words!
You feel better.
The orc priest mumbles some strange prayers to Beogh against you.
You struggle to resist.
You hit the orc priest.
The orc priest is severely wounded.
The orc priest is struck by your spines.
The orc priest closely misses you.
You closely miss the orc priest.
The orc priest is severely wounded.
The orc priest mumbles some strange prayers to Beogh against you.
Beogh smites you!
* * * LOW HITPOINT WARNING * * *
You hit the orc priest.
The orc priest is almost dead.
The orc priest calls down the wrath of Beogh upon you.
Beogh smites you!
You die...

######## ........
......# ##.....#
###+#.##..###
#..##.....#.....#
#..##.....#.@o# #
#...+.._..'...#
#####...#.....##).#
'.......#......#..#
#####...###'#.##..#
.......###..##.#...
...................#
..................##
........###########


You could see an orc priest.

Vanquished Creatures
  Sigmund (D:3)
  An ogre (D:4)
  The ghost of pigah the Gusty, an amateur OpAE (D:3)
  A bullfrog (D:3)
  2 scorpions
  A gnoll bouda (D:5)
  Ijyb (D:3)
  7 adders
  9 gnolls
  A white imp (D:5)
  2 worms (D:2)
  2 dart slugs
  9 orcs
  9 ball pythons
  4 bats
  3 endoplasms (D:1)
  3 giant cockroaches
  3 hobgoblins
  3 jackals (D:3)
  4 kobolds
  A quokka (D:1)
  2 frilled lizards
  5 goblins
  A goblin zombie (D:5)
  A hobgoblin zombie (D:5)
  3 orc skeletons (D:5)
  2 orc zombies (D:5)
  4 rats
86 creatures vanquished.

Notes
Turn   | Place    | Note
-------+----------+-------------------------------------------
     0 | D:1      | Demosthentine the Demonspawn Gladiator began the quest for
                  | the Orb.
     0 | D:1      | Reached XP level 1. HP: 16/16 MP: 1/1
    35 | D:1      | Found Nig Piup's Distillery.
   158 | D:1      | Gained mutation: You sometimes gain a little power by
                  | taking damage. [demonic ancestry]
   158 | D:1      | Reached XP level 2. HP: 22/22 MP: 2/2
   413 | D:1      | Reached skill level 1 in Armour
   512 | D:1      | Reached XP level 3. HP: 22/28 MP: 3/3
   759 | D:1      | Bought a potion of degeneration for 13 gold pieces
  1288 | D:2      | Gained mutation: You have a pair of small antennae on your
                  | head. [demonic ancestry]
  1288 | D:2      | Reached XP level 4. HP: 25/34 MP: 4/4
  1785 | D:3      | Found a runed translucent door.
  1792 | D:3      | Noticed a bullfrog
  1794 | D:3      | Noticed pigah's ghost (amateur OpAE)
  1931 | D:3      | Noticed Sigmund
  1932 | D:3      | Noticed Ijyb
  2030 | D:3      | Killed Sigmund
  2031 | D:3      | Gained mutation: When seriously injured, your blood forms
                  | armour. (AC +6) [demonic ancestry]
  2031 | D:3      | Reached XP level 5. HP: 22/41 MP: 5/5
  2141 | D:3      | Reached XP level 6. HP: 45/47 MP: 6/6
  2350 | D:3      | Killed Ijyb
  3058 | D:3      | Killed pigah's ghost
  3626 | D:4      | Gained mutation: You are partially covered in sharp spines.
                  | [demonic ancestry]
  3626 | D:4      | Reached XP level 7. HP: 27/54 MP: 7/7
  4288 | D:5      | Entered Level 5 of the Dungeon
  4375 | D:1      | Bought a potion of curing for 39 gold pieces
  4375 | D:1      | Bought a potion of haste for 130 gold pieces
  4375 | D:1      | Bought a potion of might for 52 gold pieces
  4845 | D:5      | Killed from afar by an orc priest

Illustrated notes

Levels and vault maps discovered:
D:1:      dpeg_arrival_stone_temple_mockup, layout_basic, serial_shops,
          shop_statue, minmay_statues_item
D:2:      layout_basic, serial_park_tiny_1
D:3:      layout_basic, mainiacjoe_overflow_small_starburst, serial_rivers,
          chequers_serial_rivers_small_3, chequers_serial_rivers_marsh,
          chequers_serial_rivers_small_b, chequers_serial_rivers_room_b,
          chequers_serial_rivers_small_a, ebering_ghost_sewer_d, uniq_sigmund,
          uniq_ijyb
D:4:      layout_loops_corners
D:5:      layout_basic, lemuel_round_altar, nicolae_tso_besieged_by_evil,
          minmay_temple_entry_large_hall, serial_bayou_lake_a

Skill      XL: |  1  2  3  4  5  6 |
---------------+-------------------+-----
Polearms       | 3 4 |  4.7
Dodging        | 3 4 |  4.7
Armour         | 1 2 3 |  3.6
Fighting       | 3 4 |  4.6
Throwing       | |  1.7

Action                     |  1- 3 |  4- 6 |  7- 9 || total
---------------------------+-------+-------+-------++-------
  Melee: Trident           |   120 |   106 |    96 ||   322
         Punch             |     1 |     1 |       ||     2
  Throw: Throwing net      |     1 |     3 |       ||     4
    Use: Scroll            |     5 |     4 |     1 ||    10
         Potion            |       |     1 |     1 ||     2
   Stab: Sleeping          |     2 |     1 |       ||     3
         Held in net/web   |       |     2 |       ||     2
 Armour: Leather armour    |    17 |    20 |     8 ||    45
  Dodge: Dodged            |    46 |    64 |    45 ||   155
